 Dungeon Crawl Stone Soup version 0.19.5 (webtiles) character file.

6547 Asagix the Blocker (level 10, -19/88 HPs)
             Began as a Minotaur Berserker on Apr 4, 2017.
             Was a High Priest of Trog.
             Demolished by an orc knight
             ... wielding a cursed -3 halberd
              (26 damage)
             ... in a bailey on Apr 5, 2017.
             The game lasted 00:57:03 (11456 turns).

Asagix the Blocker (Minotaur Berserker)            Turns: 11456, Time: 00:57:03

Health: -19/88     AC: 22    Str: 33    XL:     10   Next: 70%
Magic:  9/9        EV: 11    Int:  7    God:    Trog [*****.]
Gold:   339        SH:  0    Dex:  9    Spells: 0 memorised, 9 levels left

rFire  + + +     SeeInvis .     z - +1 spear (flame)
rCold  x . .     Gourm    .     d - +6 chain mail of the Meadowlark {rCorr Str+6}
rNeg   . . .     Faith    .     (no shield)
rPois  .         Spirit   .     (helmet restricted)
rElec  +         Reflect  .     t - +2 cloak {MR+}
rCorr  +         Harm     .     B - +0 pair of gloves of the Prince {*Corrode Str+5 Int+3}
MR     ++...                    (no boots)
Stlth  ..........               (no amulet)
                                p - ring of protection from magic
                                N - ring "Coeki" {+Fly rElec rF+++ rC- Str-4}

@: no status effects
A: retaliatory headbutt, horns 2
a: Berserk, Trog's Hand, Brothers in Arms, Burn Spellbooks, Renounce Religion,
Evoke Flight


You were in a bailey.
You worshipped Trog.
Trog was extremely pleased with you.
You were not hungry.

You visited 2 branches of the dungeon, and saw 11 of its levels.
You also visited: Sewer and Bailey.

You collected 599 gold pieces.
You spent 260 gold pieces at shops.

Inventory:

Hand Weapons
 a - a +0 short sword
 x - a +2 trident
 z - a +1 spear of flaming (weapon)
 L - a +1 vampiric triple sword
 O - a +0 falchion
Missiles
 E - 5 needles of frenzy
Armour
 d - the +6 chain mail of the Meadowlark (worn) {rCorr Str+6}
   (You found it on level 9 of the Dungeon)

   It affects your strength (+6).
   It protects you from acid and corrosion.
 t - a +2 cloak of magic resistance (worn)
 B - the +0 pair of gloves of the Prince (worn) {*Corrode Str+5 Int+3}
   (You found it on level 7 of the Dungeon)

   It affects your strength (+5).
   It affects your intelligence (+3).
   It may corrode you when you take damage.
 J - a +3 ring mail of cold resistance
 P - a +4 scale mail
Jewellery
 l - a +4 ring of evasion
 m - an uncursed ring of protection from cold
 p - a ring of protection from magic (right hand)
 N - the ring "Coeki" (left hand) {+Fly rElec rF+++ rC- Str-4}
   (You found it on level 9 of the Dungeon)

   [ring of flight]

   It affects your strength (-4).
   It renders you almost immune to fire.
   It makes you vulnerable to cold.
   It insulates you from electricity.
   It lets you fly.
Wands
 y - a wand of paralysis (14/24)
 C - a wand of slowing (26/48)
Scrolls
 g - a scroll of magic mapping
 j - 3 scrolls of fog
 o - 4 scrolls of identify
 r - 3 scrolls of fear
 v - a scroll of summoning {unknown}
 w - 4 scrolls of remove curse
 A - a scroll of enchant armour {unknown}
 G - a scroll of torment {unknown}
Potions
 e - 2 potions of flight {unknown}
 f - 2 potions of lignification
 i - a potion of might {unknown}
 k - 2 potions of mutation {unknown}
 n - 2 potions of resistance {unknown}
 q - 7 potions of curing
 s - 4 potions of agility
 u - 3 potions of heal wounds
 D - a potion of haste {unknown}
 H - 2 potions of magic
 I - 2 potions of brilliance {unknown}
 K - a potion of ambrosia {unknown}
 M - a potion of degeneration {unknown}
Comestibles
 b - a meat ration
 c - 6 bread rations
 F - 2 slices of pizza


   Skills:
 + Level 8.0 Fighting
 + Level 4.5 Short Blades
 + Level 9.6 Polearms
 + Level 8.8 Armour
 + Level 5.3 Dodging
 + Level 1.2 Stealth
   Level 10.9 Shields


You had 9 spell levels left.
You didn't know any spells.

Dungeon Overview and Level Annotations

Branches:
Dungeon (10/15)            Temple (0/1) D:4             Orc (1/2) D:9
   Lair: D:8-11

Altars:
Ashenzari
Cheibriados
Dithmenos
Fedhas
Gozag
Hepliaklqana
Makhleb
Nemelex Xobeh
Qazlal
Trog
Vehumet
Zin

Shops:
D:5 =   D:8 [

Annotations:
D:10 Fannar


Innate Abilities, Weirdness & Mutations

You reflexively headbutt those who attack you in melee.
You have a pair of horns on your head.


Message History

The orc knight hits you from afar with a halberd.
The orc warrior hits you from afar with a glaive!
The orc warrior misses you.
The orc knight hits you from afar with a halberd!
* * * LOW HITPOINT WARNING * * *
The orc warrior hits you from afar with a glaive.
* * * LOW HITPOINT WARNING * * *
The orc warrior hits you from afar with a glaive!!
* * * LOW HITPOINT WARNING * * *
Why would you want to do that? The orc knight barely misses you.
You start resting.
The orc warrior no longer looks unusually strong.
The orc knight roars a battlecry!
The orcs go into a battle-frenzy!
The orc warrior no longer looks unusually strong.
The orc knight roars a battlecry!
The orcs go into a battle-frenzy!
The orc knight hits you from afar with a halberd!!
You die...

#############'###'#########.≈.#
## .§§§...).## ##)≈.# .##
.§≈§≈≈§≈..## ##..≈.# ..##
≈§§§...≈§..## ##.)≈≈.# ≈..#
≈..⌠⌠⌠..§≈..#'#..≈≈.∩# ≈..#
≈...⌠.oo≈≈..#'#..≈≈.## ..##
§≈§...o≈≈..##.##..≈≈.# .##
.≈≈≈≈≈≈≈..o#...##.)≈.# ##.$$
.......@.##.....##)≈.# #####
####+#############)≈.# .#####
##..........≈.# ≈≈≈≈≈#######
##..≈≈≈≈≈≈≈≈≈≈.# ......##.).##
##..≈≈..........#
####.##..≈))###..≈≈..##########
#...##...≈≈.))..≈≈..##
.#######..≈≈≈≈≈≈≈..## ##
##.........##


You could see 2 orc knights and 2 orc warriors.

Vanquished Creatures
  The ghost of patcoet the Covert, a novice SpAs of Dithmenos (D:5)
  The ghost of tschems the Chopper, an amateur HuFi (Sewer)
  A two-headed ogre (D:8)
  A vampire (D:8)
  6 yaks (D:7)
  A human (D:7)
  3 hogs (D:7)
  The ghost of Dumah the Grave Robber, an amateur HuNe (D:3)
  2 water moccasins
  6 orc warriors
  2 ice beasts
  A phantom (D:6)
  2 black bears
  3 ogres
  3 centaurs
  An eye of draining (D:9)
  5 big kobolds
  3 bullfrogs
  2 scorpions
  10 killer bees
  A howler monkey (D:9)
  4 crimson imps
  A jelly (D:5)
  A centaur skeleton (D:9)
  5 orc wizards
  9 orc priests
  A hound (D:4)
  An iguana (D:8)
  Natasha (thrice) (D:4)
  7 worker ants
  A worker ant zombie (D:8)
  7 gnolls
  7 river rats (Sewer)
  12 adders
  An ooze (D:3)
  2 adder skeletons
  6 worms
  4 dart slugs
  11 leopard geckos
  72 orcs
  8 bats
  6 giant cockroaches
  9 goblins
  7 hobgoblins
  7 jackals
  2 quokkas
  5 ball pythons
  5 frilled lizards
  A jackal zombie (D:6)
  39 kobolds
  A leopard gecko zombie (D:6)
  21 rats
322 creatures vanquished.

Vanquished Creatures (others)
  A shadow imp (D:5)
1 creature vanquished.

Grand Total: 323 creatures vanquished

Notes
Turn   | Place    | Note
-------+----------+-------------------------------------------
     0 | D:1      | Asagix the Minotaur Berserker began the quest for the Orb.
     0 | D:1      | Reached XP level 1. HP: 19/19 MP: 0/0
   147 | D:1      | Reached XP level 2. HP: 27/27 MP: 1/1
   758 | D:2      | Reached XP level 3. HP: 27/33 MP: 2/2
   778 | D:2      | Found a shadowy altar of Dithmenos.
   915 | D:2      | Found a radiant altar of Vehumet.
  1112 | D:2      | Reached ** piety under Trog
  1122 | D:2      | Reached XP level 4. HP: 41/41 MP: 3/3
  1836 | D:3      | Reached XP level 5. HP: 24/47 MP: 4/4
  1921 | D:3      | Found a glowing drain.
  1931 | Sewer    | Entered a sewer
  1933 | Sewer    | Noticed tschems's ghost (amateur HuFi)
  1944 | Sewer    | HP: 1/47 [tschems's ghost (13)]
  1953 | Sewer    | HP: 2/70 [river rat (3)]
  1964 | Sewer    | Killed tschems's ghost
  1964 | Sewer    | Reached skill level 5 in Fighting
  1964 | Sewer    | Reached skill level 1 in Polearms
  1964 | Sewer    | Reached skill level 2 in Shields
  1964 | Sewer    | Reached XP level 6. HP: 16/56 MP: 5/5
  2423 | Sewer    | Reached skill level 3 in Shields
  2449 | Sewer    | Reached *** piety under Trog
  3158 | Sewer    | Reached XP level 7. HP: 61/61 MP: 6/6
  3752 | D:3      | Reached skill level 5 in Armour
  3752 | D:3      | Reached skill level 4 in Shields
  4220 | D:3      | Noticed Dumah's ghost (amateur HuNe)
  4229 | D:3      | Killed Dumah's ghost
  4340 | D:4      | Noticed Natasha
  4347 | D:4      | Killed Natasha
  4454 | D:4      | Reached **** piety under Trog
  4587 | D:4      | Found a staircase to the Ecumenical Temple.
  4701 | D:4      | Noticed Natasha
  4706 | D:4      | Killed Natasha
  4714 | D:4      | Noticed Natasha
  4720 | D:4      | Killed Natasha
  4943 | D:4      | Reached skill level 5 in Polearms
  5004 | D:5      | Entered Level 5 of the Dungeon
  5032 | D:5      | Reached XP level 8. HP: 67/69 MP: 7/7
  5090 | D:5      | Found a snail-covered altar of Cheibriados.
  5100 | D:5      | Noticed patcoet's ghost (novice SpAs)
  5105 | D:5      | Reached skill level 5 in Shields
  5158 | D:5      | Killed patcoet's ghost
  5672 | D:5      | Found a blossoming altar of Fedhas.
  5846 | D:5      | Found Xeeramon's Jewellery Shop.
  5878 | D:5      | Reached skill level 6 in Shields
  6341 | D:6      | Reached XP level 9. HP: 77/77 MP: 8/8
  6514 | D:6      | Reached skill level 7 in Shields
  6598 | D:7      | Found a bloodstained altar of Trog.
  6640 | D:7      | Reached skill level 8 in Shields
  6713 | D:7      | Reached ***** piety under Trog
  7069 | D:7      | Got a pair of transparent gloves
  7075 | D:7      | Identified the cursed +0 pair of gloves of the Prince {*Corrode Str+5 Int+3} (You found it on level 7 of the Dungeon)
  7610 | D:7      | Received a gift from Trog
  7623 | D:7      | Reached skill level 9 in Shields
  8032 | D:7      | Reached XP level 10. HP: 69/86 MP: 9/9
  8282 | D:8      | Found a sparkling altar of Nemelex Xobeh.
  8282 | D:8      | Found a shattered altar of Ashenzari.
  8283 | D:8      | Found a glowing silver altar of Zin.
  8283 | D:8      | Found a hazy altar of Hepliaklqana.
  8285 | D:8      | Found a snail-covered altar of Cheibriados.
  8370 | D:8      | Reached skill level 10 in Shields
  8964 | D:8      | Found Lauvayx's Antique Armour Shop.
  8993 | D:8      | Bought a runed ring mail for 260 gold pieces
  9710 | D:8      | Found a snail-covered altar of Cheibriados.
  9843 | D:8      | Reached skill level 1 in Stealth
  9873 | D:9      | Got a fine chain mail
  9884 | D:9      | Identified the +6 chain mail of the Meadowlark {rCorr Str+6} (You found it on level 9 of the Dungeon)
  9920 | D:10     | Entered Level 10 of the Dungeon
  9920 | D:10     | Noticed Fannar
 10283 | D:9      | Reached skill level 5 in Dodging
 10361 | D:9      | Received a gift from Trog
 10590 | D:9      | Found an opulent altar of Gozag.
 10652 | D:9      | Found a stormy altar of Qazlal.
 10734 | D:9      | Got a wavering glass ring
 10736 | D:9      | Identified the ring "Coeki" {+Fly rElec rF+++ rC- Str-4} (You found it on level 9 of the Dungeon)
 10941 | D:9      | Found a staircase to the Orcish Mines.
 10968 | Orc:1    | Entered Level 1 of the Orcish Mines
 11015 | Orc:1    | Found a burning altar of Makhleb.
 11099 | Orc:1    | Found a flagged portal.
 11260 | Bailey   | Entered a bailey
 11325 | Bailey   | Noticed an orc knight
 11434 | Bailey   | Noticed an orc knight
 11456 | Bailey   | Demolished by an orc knight

Skill      XL: |  1  2  3  4  5  6  7  8  9 10 |
---------------+-------------------------------+-----
Short Blades   | 4 |  4.5
Fighting       | 4 5 6 7 8 |  8.0
Armour         | 3 4 5 6 7 8 |  8.8
Polearms       | 1 2 5 6 8 9 |  9.6
Dodging        | 3 4 5 |  5.3
Shields        | 2 3 4 6 9 10 | 10.9
Stealth        | 1 |  1.2

Action                   |  1- 3 |  4- 6 |  7- 9 | 10-12 || total
-------------------------+-------+-------+-------+-------++-------
Melee: Short sword       |    89 |    83 |       |       ||   172
       Headbutt          |    13 |    29 |    99 |    67 ||   208
       Trident           |       |   130 |   219 |       ||   349
       Spear             |       |       |   313 |   300 ||   613
Invok: Berserk           |       |     2 |     1 |     1 ||     4
       Burn Spellbooks   |       |       |       |     1 ||     1
  Use: Potion            |       |     3 |       |       ||     3
       Scroll            |       |     9 |     3 |     5 ||    17
 Stab: Distracted        |       |       |       |     1 ||     1
  Eat: Fruit             |     1 |     6 |       |       ||     7
       Meat ration       |       |     1 |     1 |       ||     2
       Beef jerky        |       |       |     2 |     2 ||     4
       Bread ration      |       |       |     2 |       ||     2
       Pizza             |       |       |       |     6 ||     6
Armor: Scale mail        |    35 |    65 |    62 |       ||   162
       Animal skin       |     1 |       |       |       ||     1
       Skin              |       |    11 |       |       ||    11
       Plate armour      |       |       |    28 |    10 ||    38
       Chain mail        |       |       |       |    93 ||    93
       Ring mail         |       |       |       |     6 ||     6
Dodge: Dodged            |    56 |   105 |   136 |   167 ||   464
Block: Large shield      |       |   152 |   389 |   205 ||   746
